 Dungeon Crawl Stone Soup version 0.30.0-5-g1a98f26d00 (webtiles) character file.

Game seed: 15631857868973328406

33 LaggoTC the Trooper (level 3, 0/26 HPs)
             Began as an Octopode Fighter on May 10, 2023.
             Slain by a gnoll
             ... wielding a +3 spear
              (9 damage)
             ... on level 2 of the Dungeon.
             The game lasted 00:03:13 (461 turns).

LaggoTC the Trooper (Octopode Fighter)               Turns: 461, Time: 00:03:13

Health: 0/26       AC:  1    Str: 17    XL:     3   Next: 29%
Magic:  3/3        EV: 13    Int: 10    God:
Gold:   35         SH:  4    Dex: 11    Spells: 2/2 levels left

rFire   . . .        m - +2 dagger (vamp)
rCold   . . .        b - +0 buckler
rNeg    . . .        (helmet restricted)
rPois   .            (no amulet)
rElec   .            (no ring)
rCorr   .            (no ring)
SInv    .            (no ring)
Will    .....        (no ring)
Stlth   +++          (no ring)
HPRegen 0.24/turn    (no ring)
MPRegen 0.08/turn    (no ring)
                     (no ring)

%: no passive effects
@: no status effects
A: almost no armour, amphibious, 8 rings, camouflage 1, gelatinous body 1,
(nimble swimmer 1), tentacles
a: no special abilities


You were on level 2 of the Dungeon.
You visited 1 branch of the dungeon, and saw 2 of its levels.

You collected 35 gold pieces.

Inventory:

Hand Weapons
 a - a +0 long sword
 m - a +2 vampiric dagger (weapon)
Armour
 b - a +0 buckler (worn)
Scrolls
 f - a scroll of identify {unknown}
 h - a scroll of magic mapping {unknown}
 j - a scroll of enchant weapon {unknown}
 k - a scroll of amnesia {unknown}
 l - a scroll of fog {unknown}
Potions
 c - a potion of might
 d - a potion of heal wounds {unknown}
 e - a potion of curing {unknown}
 g - a potion of cancellation {unknown}
 i - a potion of flight {unknown}


   Skills:
 * Level 3.4 Fighting
 * Level 0.2(1.4) Short Blades
 - Level 2.4 Long Blades
 - Level 3.0 Dodging
 * Level 1.4 Stealth
 * Level 3.3 Shields


You had 2 spell levels left.
You didn't know any spells.
Your spell library contained the following spells:

 Spells                   Type           Power      Damage    Failure   Level
 Summon Small Mammal      Summ           0%         N/A       43%         1
 Call Canine Familiar     Summ           0%         N/A       82%         3
 Summon Guardian Golem    Hex/Summ       0%         N/A       82%         3


Dungeon Overview and Level Annotations

Branches:
Dungeon (2/15)

Altars:


Innate Abilities, Weirdness & Mutations

You cannot wear most types of armour.
You are amphibious.
You can wear up to eight rings at the same time.
Your skin changes colour to match your surroundings (Stealth+).
Your rubbery body absorbs attacks. (AC +1, EV +1)
((You are camouflaged when in or above water. (Stealth+)))
You have tentacles for arms and can constrict up to eight enemies at once.


Message History

You kill the goblin!
Found 8 gold pieces.
Things that are here:
a +0 dagger; a goblin corpse You now have 27 gold pieces (gained 6).
You can't go up here!
Okay, then.
You can't memorise that many levels of magic yet!
Unknown command.
Okay, then.
Okay, then.
A frilled lizard comes into view.
The frilled lizard hisses angrily.
You see here 8 gold pieces.
You block the frilled lizard's attack.
You hit the frilled lizard. You grab the frilled lizard.
The frilled lizard is heavily wounded.
You constrict the frilled lizard.
You kill the frilled lizard!
You see here a frilled lizard corpse.
You see here a frilled lizard corpse.
You now have 35 gold pieces (gained 8).
A gnoll comes into view. It is wielding a +0 spear.
A gnoll comes into view. It is wielding a +3 spear.
The gnoll shouts!
You hear a shout! x2
A gnoll comes into view. It is wielding a +0 halberd.
The gnoll hits you from afar with a +3 spear.
The gnoll closely misses you.
You hit the gnoll but do no damage. You grab the gnoll.
You constrict the gnoll, but do no damage.
The gnoll hits you with a +3 spear.
You hit the gnoll but do no damage. You constrict the gnoll. You hit the gnoll.
You feel better.
The gnoll is moderately wounded.
You constrict the gnoll. The gnoll hits you with a +3 spear.
You hit the gnoll.
You feel better.
The gnoll is severely wounded.
You constrict the gnoll, but do no damage.
The gnoll hits you with a +3 spear. The gnoll hits you with a +3 spear!
You die...

#...
#..........# #
###.
#.........## .#
#.
.#.####.##.#.#
# ###†###..#
#........## #
#.#..##...#
#.##.#..# #.#
#..).#..####.#
#####@........#
#....g...###..#
#.#.##.##.#
#.)# ##....#.#
#..# #.##..#.#
#..#
.##.###..#.#
#..#
.<.........#
#..#
.###.##..###
#..#
#.##..#####..#


You could see a gnoll.

Vanquished Creatures
  2 worms (D:2)
  A dart slug (D:2)
  3 goblins
  4 hobgoblins (D:1)
  4 jackals (D:1)
  A ball python (D:1)
  A bat (D:1)
  2 frilled lizards
  4 kobolds
  A rat (D:1)
23 creatures vanquished.

Notes
Turn   | Place    | Note
-------+----------+-------------------------------------------
     0 | D:1      | LaggoTC the Octopode Fighter began the quest for the Orb.
     0 | D:1      | Reached XP level 1. HP: 16/16 MP: 1/1
   131 | D:1      | Reached XP level 2. HP: 9/21 MP: 2/2
   311 | D:2      | Reached skill level 1 in Stealth
   351 | D:2      | Reached XP level 3. HP: 21/26 MP: 3/3
   461 | D:2      | Slain by a gnoll

Illustrated notes

Levels and vault maps discovered:
D:1:      arrival_zaba_pyramid, layout_basic
D:2:      layout_loops_ring

Skill      XL: |  1  2 |
---------------+-------+-----
Stealth        | 1 |  1.4
Fighting       | |  3.4
Short Blades   | |  0.2
Long Blades    | |  2.4
Dodging        | |  3.0
Shields        | |  3.3

Action                     || total
---------------------------++-------
  Melee: Long sword        ||    35
         Constrict         ||    19
         Tentacles         ||     8
         Dagger            ||    13
   Stab: Sleeping          ||     5
 Armour: Skin              ||     6
  Dodge: Dodged            ||    24
  Block: Buckler           ||    13
